 Dungeon Crawl Stone Soup version 0.29-a0-67-g1d65ae1bb4 (webtiles) character file.

Game seed: 15518616726435479154

88 Murumi the Skirmisher (level 4, -1/48 HPs)
             Began as an Ogre Fighter on Feb 3, 2022.
             Killed from afar by an orc wizard (5 damage)
             ... with a magic dart
             ... on level 3 of the Dungeon.
             The game lasted 00:08:18 (2504 turns).

Murumi the Skirmisher (Ogre Fighter)                Turns: 2504, Time: 00:08:19

Health: -1/48      AC:  3    Str: 20    XL:     4   Next: 54%
Magic:  4/4        EV:  8    Int: 11    God:
Gold:   95         SH:  8    Dex:  8    Spells: 3/3 levels left

rFire   . . .      SeeInvis +   h - +0 whip (freeze)
rCold   . . .      Faith    +   c - +1 kite shield
rNeg    . . .      Spirit   .   b - +0 robe
rPois   .          Reflect  .   (helmet restricted)
rElec   .          Harm     .   (no cloak)
rCorr   .          Rampage  .   (gloves unavailable)
Will    .....                   (boots unavailable)
Stlth   ++........              i - amulet of faith
HPRegen 0.16/turn               m - ring of see invisible
MPRegen 0.09/turn               (no ring)

@: no status effects
A: large, unfitting armour, tough skin 1
a: no special abilities


You were on level 3 of the Dungeon.
You visited 1 branch of the dungeon, and saw 3 of its levels.

You collected 95 gold pieces.

Inventory:

Hand Weapons
 a - a +0 flail
 h - a +0 whip of freezing (weapon)
Missiles
 g - 28 stones (quivered)
Armour
 b - a +0 robe (worn)
 c - a +1 kite shield (worn)
Jewellery
 i - an amulet of faith (around neck)
 m - a ring of see invisible (left hand)
Wands
 l - a wand of charming (5)
Scrolls
 e - a scroll of teleportation
Potions
 d - a potion of might
 f - a potion of degeneration {unknown}
 j - a potion of curing {unknown}
 k - a potion of mutation {unknown}


   Skills:
 - Level 4.0 Fighting
 - Level 2.0 Maces & Flails
 - Level 2.0 Throwing
 - Level 3.0 Dodging
 - Level 2.0 Stealth
 - Level 3.0 Shields
 + Level 0.2 Evocations


You had 3 spell levels left.
You didn't know any spells.
Your spell library contained the following spells:

 Spells                   Type           Power      Damage    Failure   Level
 Portal Projectile        Hex/Tloc       0%         N/A       94%         3
 Blade Hands              Tmut           0%         N/A       100%        5
 Excruciating Wounds      Necr           0%         N/A       100%        5


Dungeon Overview and Level Annotations

Branches:
Dungeon (3/15)

Altars:

Shops:
D:1 (


Innate Abilities, Weirdness & Mutations

You are too large for most types of armour.
You have tough skin. (AC +1)


Message History

You bump into the rock wall.
The orc wizard casts a spell at you. The puff of flame hits you.
* * * LOW HITPOINT WARNING * * *
You barely miss the orc wizard.
The orc wizard is lightly wounded.
The orc wizard hits you but does no damage.
You're too confused to move!
The orc wizard hits you with a +0 dagger.
* * * LOW HITPOINT WARNING * * *
The orc wizard hits you with a +0 dagger.
* * * LOW HITPOINT WARNING * * *
There is a stone staircase leading up here.
You bump into the rock wall.
You feel less confused.
The orc wizard hits you with a +0 dagger.
* * * LOW HITPOINT WARNING * * *
You hit the orc wizard. You freeze the orc wizard.
The orc wizard is moderately wounded.
The orc wizard hits you with a +0 dagger.
* * * LOW HITPOINT WARNING * * *
You hit the orc wizard. You freeze the orc wizard.
The orc wizard is heavily wounded.
The orc wizard hits you with a +0 dagger.
* * * LOW HITPOINT WARNING * * *
You hit the orc wizard. You freeze the orc wizard.
The orc wizard is severely wounded.
The orc wizard barely misses you.
You barely miss the orc wizard.
The orc wizard is severely wounded.
The orc wizard hits you with a +0 dagger.
* * * LOW HITPOINT WARNING * * *
You hit the orc wizard. You freeze the orc wizard.
The orc wizard is almost dead.
You block the orc wizard's attack.
You hit the orc wizard but do no damage.
The orc wizard is almost dead.
The orc wizard gestures at you while chanting.
The magic dart hits you.
You die...

### ..# #.#
#.#
##.#####...
#.o@.....#
#.#..###.#
#)#..#
()#..#
.####.# ((
.. .. ..#
... ... ...


You could see an orc wizard (invisible).

Vanquished Creatures
  Robin (D:2)
  An adder (D:2)
  3 dart slugs
  4 orcs (D:3)
  4 endoplasms
  13 goblins
  7 hobgoblins
  3 kobolds (D:1)
  2 quokkas
  3 ball pythons
  4 bats
  2 frilled lizards
  6 rats
53 creatures vanquished.

Notes
Turn   | Place    | Note
-------+----------+-------------------------------------------
     0 | D:1      | Murumi the Ogre Fighter began the quest for the Orb.
     0 | D:1      | Reached XP level 1. HP: 24/24 MP: 1/1
   217 | D:1      | Found Arphuok's Weapon Shoppe.
   224 | D:1      | Reached XP level 2. HP: 27/32 MP: 2/2
   645 | D:1      | Reached skill level 1 in Throwing
   983 | D:1      | Reached XP level 3. HP: 34/39 MP: 3/3
  1390 | D:2      | Noticed Robin
  1437 | D:2      | Reached skill level 1 in Stealth
  1605 | D:2      | Reached XP level 4. HP: 25/48 MP: 4/4
  1633 | D:2      | Killed Robin
  2504 | D:3      | Killed from afar by an orc wizard

Illustrated notes

Levels and vault maps discovered:
D:1:      mrwooster_arrival_statue_2, layout_loops_ring, serial_shops,
          nicolae_shop_bloodbath_and_beyond
D:2:      layout_rooms, grunt_ministairs_7, st_stairs_2, hex_large, minivault_5,
          uniq_robin
D:3:      layout_basic, serial_shops, nicolae_shop_behind_doors,
          uniq_crazy_yiuf_cottage, uniq_sigmund

Skill      XL: |  1  2  3  4 |
---------------+-------------+-----
Maces & Flails | 2 |  2.0
Dodging        | 3 |  3.0
Shields        | 3 |  3.0
Throwing       | 1 2 |  2.0
Stealth        | 1 2 |  2.0
Fighting       | |  4.0
Evocations     | |  0.2

Action                   |  1- 3 |  4- 6 || total
-------------------------+-------+-------++-------
Melee: Flail             |    19 |       ||    19
       Whip              |   118 |    59 ||   177
Throw: Stone             |    66 |    22 ||    88
  Use: Scroll            |     2 |     1 ||     3
Armor: Robe              |    33 |     6 ||    39
Dodge: Dodged            |    52 |    15 ||    67
Block: Kite shield       |    49 |    19 ||    68

Table legend: (Time is in decaauts)
 A = Elapsed time spent in this place.
 B = Non-inter-level travel time spent in this place.
 C = Inter-level travel time spent in this place.
 D = Time resting spent in this place.
 E = Time spent auto-exploring this place.
 F = Levels seen in this place.
 G = Mean time per level.
                   A        B        C        D        E       F      G
               +--------+--------+--------+--------+--------+-----+--------+
         Total |   2553 |   2399 |    154 |    175 |   1733 |   3 |  851.0 |
       Dungeon |   2553 |   2399 |    154 |    175 |   1733 |   3 |  851.0 |
               +--------+--------+--------+--------+--------+-----+--------+

Top non-repeatable levels by time:
     D:2: 1355 daAuts
     D:1: 1143 daAuts
     D:3: 53 daAuts
